 Dungeon Crawl Stone Soup version 0.23.2-40-g277498a001 (webtiles) character file.

Game seed: 8439957804174346852

127 Kostasan the Chopper (level 4, -2/41 HPs)
             Began as a Minotaur Berserker on Oct 2, 2019.
             Was a Believer of Trog.
             Slain by a hobgoblin
             ... wielding a +0 club
              (5 damage)
             ... on level 2 of the Dungeon.
             The game lasted 00:04:14 (1729 turns).

Kostasan the Chopper (Minotaur Berserker)           Turns: 1729, Time: 00:04:14

Health: -2/41      AC:  2    Str: 22    XL:     4   Next: 85%
Magic:  3/3        EV: 13    Int:  4    God:    Trog [**....]
Gold:   140        SH:  0    Dex: 10    Spells: 3/3 levels left

rFire    . . .     SeeInvis .   e - +1 dagger (elec)
rCold    . . .     Gourm    .   (no shield)
rNeg     . . .     Faith    .   b - +0 animal skin
rPois    .         Spirit   .   (helmet restricted)
rElec    .         Reflect  .   (no cloak)
rCorr    .         Harm     .   (no gloves)
MR       .....                  (no boots)
Stlth    +.........             (no amulet)
HPRegen  0.13/turn              (no ring)
MPRegen  0.08/turn              (no ring)

@: berserk cooldown, hasted and slowed
A: retaliatory headbutt, horns 2
a: Berserk, Trog's Hand, Renounce Religion


You were on level 2 of the Dungeon.
You worshipped Trog.
Trog was pleased with you.
You were very hungry.

You visited 1 branch of the dungeon, and saw 2 of its levels.

You collected 140 gold pieces.

Inventory:

Hand Weapons
 a - a +0 hand axe
 e - a +1 dagger of electrocution (weapon)
Missiles
 d - 4 tomahawks (quivered)
Armour
 b - a +0 animal skin (worn)
Scrolls
 f - a scroll of teleportation {unknown}
 h - 3 scrolls of fear {unknown}
 i - a scroll of magic mapping {unknown}
 k - 2 scrolls of identify {unknown}
 m - a scroll of remove curse {unknown}
Potions
 g - a potion of heal wounds {unknown}
 l - a potion of curing {unknown}
Comestibles
 c - 5 rations


   Skills:
 + Level 4.5 Fighting
 + Level 4.6 Axes
 + Level 3.7 Armour
 + Level 3.3 Dodging


You had 3 spell levels left.
You didn't know any spells.
Your spell library was empty.

Dungeon Overview and Level Annotations

Branches:
Dungeon (2/15)

Altars:
Elyvilon
Yredelemnul


Innate Abilities, Weirdness & Mutations

You reflexively headbutt those who attack you in melee.
You have a pair of horns on your head.


Message History

You hit the hobgoblin.
The hobgoblin is severely wounded.
The hobgoblin hits you with a +0 club!
* * * LOW HITPOINT WARNING * * *
The hobgoblin shouts!
You barely miss the hobgoblin.
The hobgoblin is severely wounded.
You hear a shout!
The hobgoblin hits you but does no damage.
The hobgoblin hits you with a +0 club.
* * * LOW HITPOINT WARNING * * *
It was a potion of haste.
You feel yourself speed up. The hobgoblin hits you with a +0 club.
* * * LOW HITPOINT WARNING * * *
The hobgoblin completely misses you. The hobgoblin barely misses you.
You furiously retaliate!
You headbutt the hobgoblin. You hit the hobgoblin.
The hobgoblin is almost dead.
The hobgoblin hits you with a +0 club.
You die...

.........# #...######
.........# ###......#
##########
######.##### #
#...... .# #######
###. # #.. #### ##
#### #g###..# #####.
.^... #@#....# #.....
......#######g..##.##
#.....
....(.)())g.....##..#
#.....
.%....####.########.#
#..... .#### #.# #.##
#..... ..#
####..####..... .###
#.......†...... ..
#.............. ..
#.........#####


You could see 2 hobgoblins.

Vanquished Creatures
  Jessica (D:2)
  3 gnolls (D:2)
  2 adders (D:2)
  An adder skeleton (D:2)
  3 worms (D:2)
  A leopard gecko (D:2)
  A ball python (D:1)
  2 giant cockroaches (D:2)
  8 goblins
  5 hobgoblins
  A jackal (D:1)
  4 kobolds
  5 bats
  2 frilled lizards (D:2)
  5 rats
44 creatures vanquished.

Notes
Turn   | Place    | Note
-------+----------+-------------------------------------------
     0 | D:1      | Kostasan the Minotaur Berserker began the quest for the
                  | Orb.
     0 | D:1      | Reached XP level 1. HP: 19/19 MP: 0/0
   428 | D:1      | Reached XP level 2. HP: 27/27 MP: 1/1
  1011 | D:2      | Reached ** piety under Trog
  1014 | D:2      | Reached XP level 3. HP: 25/33 MP: 2/2
  1032 | D:2      | Noticed Jessica
  1045 | D:2      | Killed Jessica
  1164 | D:2      | Reached XP level 4. HP: 12/40 MP: 3/3
  1503 | D:2      | Found a white marble altar of Elyvilon.
  1593 | D:2      | Found a basalt altar of Yredelemnul.
  1729 | D:2      | Slain by a hobgoblin

Skill      XL: |  1  2  3 |
---------------+----------+-----
Axes           | 4 |  4.6
Armour         | 3 |  3.7
Fighting       | 4 |  4.5
Dodging        | 3 |  3.3

Action                   |  1- 3 |  4- 6 || total
-------------------------+-------+-------++-------
Melee: Hand axe          |     4 |       ||     4
       Dagger            |    51 |    21 ||    72
       Headbutt          |     7 |     6 ||    13
Throw: Tomahawk          |       |    14 ||    14
Invok: Berserk           |     2 |     1 ||     3
  Use: Potion            |       |     1 ||     1
  Eat: Chunk             |     2 |     2 ||     4
Armor: Animal skin       |    14 |     1 ||    15
Dodge: Dodged            |    34 |    10 ||    44
